 Dungeon Crawl Stone Soup version 0.31-a0-182-gc5ef74bbde (webtiles) character file.

Game seed: 2083752400473841823

29 innerfire43 the Trooper (level 3, 0/29 HPs)
             Began as a Demonspawn Monk on June 20, 2023.
             Succumbed to Sigmund's poison
             ... on level 2 of the Dungeon.
             The game lasted 00:00:52 (805 turns).

innerfire43 the Trooper (Demonspawn Monk)            Turns: 805, Time: 00:00:52

Health: 0/29       AC:  2    Str: 13    XL:     3   Next: 1%
Magic:  3/3        EV: 13    Int: 11    God:
Gold:   68         SH:  0    Dex: 15    Spells: 2/2 levels left

rFire   . . .        a - +0 hand axe
rCold   . . .        d - orb {light}
rNeg    . . .        b - +0 robe
rPois   .            (no helmet)
rElec   .            (no cloak)
rCorr   .            (no gloves)
SInv    .            (no boots)
Will    .....        (no amulet)
Stlth   +            (no ring)
HPRegen 0.24/turn    (no ring)
MPRegen 0.08/turn

%: no passive effects
@: lethally poisoned (0 -> -14), glowing
A: powered by pain 1
a: no special abilities


You were on level 2 of the Dungeon.
You visited 1 branch of the dungeon, and saw 2 of its levels.

You collected 68 gold pieces.

Inventory:

Hand Weapons
 a - a +0 hand axe (weapon)
Armour
 b - a +0 robe (worn)
 d - an orb of light (worn)
Jewellery
 h - a ring of protection from fire
Scrolls
 e - a scroll of teleportation {unknown}
 f - a scroll of identify {unknown}
Potions
 g - 2 potions of curing {unknown}


   Skills:
 + Level 3.3 Fighting
 + Level 3.2 Axes
 + Level 3.0 Dodging


You had 2 spell levels left.
You didn't know any spells.
Your spell library was empty.

Dungeon Overview and Level Annotations

Branches:
Dungeon (2/15)

Altars:

Annotations:
D:2 Sigmund


Innate Abilities, Weirdness & Mutations

You sometimes gain a little power by taking damage.


Message History

You are lethally poisoned!
You are confused.
You feel invigorated.
You feel very sick. Sigmund casts a spell at you.
You resist with significant effort.
You feel very sick.
Sigmund hits you from afar with a +1 scythe of venom!
* * * LOW HITPOINT WARNING * * *
You're too confused to move!
* * * LOW HITPOINT WARNING * * *
You feel sick.
A giant cockroach comes into view.
Sigmund laughs darkly.
Sigmund barely misses you.
You're too confused to move!
You feel sick.
You're too confused to move!
You feel sick. Sigmund misses you.
You feel sick. Sigmund barely misses you.
You hit the giant cockroach.
The giant cockroach is severely wounded.
You feel sick. The giant cockroach closely misses you.
You feel less invigorated.
You feel less confused.
You feel sick. The giant cockroach barely misses you.
You hit the giant cockroach but do no damage.
The giant cockroach is severely wounded.
You feel sick.
Sigmund hits you from afar with a +1 scythe of venom!
You are lethally poisoned!
The giant cockroach closely misses you.
You barely miss the giant cockroach.
The giant cockroach is severely wounded.
* * * LOW HITPOINT WARNING * * *
You feel very sick. The giant cockroach bites you.
* * * LOW HITPOINT WARNING * * *
Sigmund misses you.
You hit the giant cockroach but do no damage.
The giant cockroach is severely wounded.
You die...

.## .# .[# # ...
.. #..##.. #.<
.#.$... #..>
...... .=..###...#
##..#...#
##$....@###
...#....B.#
#.....@.#
.....#.....#
...##..#...#####
..........<....#
..##..########....
#..# ## ...# ..#


You could see Sigmund (invisible) and a giant cockroach.

Vanquished Creatures
  2 ball pythons (D:1)
  3 endoplasms (D:1)
  A giant cockroach (D:1)
  A goblin (D:1)
  A hobgoblin (D:1)
  7 jackals (D:1)
  2 quokkas (D:1)
  2 bats (D:1)
  4 kobolds (D:1)
  2 rats (D:1)
25 creatures vanquished.

Notes
Turn   | Place    | Note
-------+----------+-------------------------------------------
     0 | D:1      | innerfire43 the Demonspawn Monk began the quest for the
                  | Orb.
     0 | D:1      | Reached XP level 1. HP: 18/18 MP: 1/1
   128 | D:1      | Gained mutation: You sometimes gain a little power by
                  | taking damage. [demonic ancestry]
   128 | D:1      | Reached XP level 2. HP: 14/24 MP: 2/2
   543 | D:1      | Reached XP level 3. HP: 29/29 MP: 3/3
   787 | D:2      | Noticed Sigmund
   805 | D:2      | Succumbed to Sigmund's poison

Illustrated notes

Levels and vault maps discovered:
D:1:      elethiomel_arrival_shortcut, layout_basic
D:2:      layout_rooms, uniq_natasha, uniq_sigmund

Skill      XL: |  1  2 |
---------------+-------+-----
Axes           | 3 |  3.2
Dodging        | 3 |  3.0
Fighting       | |  3.3

Action                     || total
---------------------------++-------
  Melee: Hand axe          ||    62
    Use: Potion            ||     1
 Armour: Robe              ||    13
  Dodge: Dodged            ||    55

Table legend: (Time is in decaauts)
 A = Elapsed time spent in this place.
 B = Non-inter-level travel time spent in this place.
 C = Inter-level travel time spent in this place.
 D = Time resting spent in this place.
 E = Time spent auto-exploring this place.
 F = Levels seen in this place.
 G = Mean time per level.
                   A        B        C        D        E       F      G
               +--------+--------+--------+--------+--------+-----+--------+
         Total |    813 |    789 |     24 |      0 |    652 |   2 |  406.5 |
       Dungeon |    813 |    789 |     24 |      0 |    652 |   2 |  406.5 |
               +--------+--------+--------+--------+--------+-----+--------+

Top non-repeatable levels by time:
     D:1: 793 daAuts
     D:2: 20 daAuts
